 Dungeon Crawl Stone Soup version 0.31.0-11-ge490571c62 (webtiles) character file.

Game seed: 6061260188461438651

2454 mainiacjoe the Skirmisher (level 9, -8/68 HPs)
             Began as a Hill Orc Hunter on Jan 31, 2024.
             Was a Follower of Nemelex Xobeh.
             Mangled by a wraith (9 damage)
             ... on level 6 of the Dungeon on Feb 1, 2024.
             The game lasted 00:16:03 (7119 turns).

mainiacjoe the Skirmisher (Hill Orc Hunter)         Turns: 7119, Time: 00:16:04

Health: -8/68      AC:  7    Str: 14    XL:     9   Next: 50%
Magic:  16/16      EV: 12    Int:  9    God:    Nemelex Xobeh [*.....]
Gold:   295        SH:  0    Dex: 18    Spells: 8/8 levels left

rFire   + . .        a - +0 shortbow
rCold   . . .        (shield currently unavailable)
rNeg    . . .        c - +0 leather armour
rPois   .            r - +0 helmet
rElec   .            u - +0 cloak
rCorr   .            o - +1 pair of gloves
SInv    .            (no boots)
Will    +....        (no amulet)
Stlth   ++           w - ring of protection from fire
HPRegen 0.31/turn    F - ring of willpower
MPRegen 0.15/turn

%: no passive effects
@: slowed, very slow
A: no striking features
a: Renounce Religion, Draw Escape, Draw Destruction, Draw Summoning


You were on level 6 of the Dungeon.
You worshipped Nemelex Xobeh.
Nemelex Xobeh was aware of your devotion.
You visited 1 branch of the dungeon, and saw 6 of its levels.

You collected 295 gold pieces.

Inventory:

Hand Weapons
 a - a +0 shortbow (weapon)
 b - a +0 mace
 g - a +0 dagger
 j - a +0 sling
Missiles
 d - 5 javelins
 e - 71 stones
 f - 2 throwing nets {=F}
 t - 4 atropa-tipped darts {=F}
 C - a curare-tipped dart {=F}
 D - 3 poisoned darts
Armour
 c - a +0 leather armour (worn)
 o - a +1 pair of gloves (worn)
 r - a +0 helmet (worn)
 u - a +0 cloak (worn)
Jewellery
 w - a ring of protection from fire (left hand)
 F - a ring of willpower (right hand)
Wands
 m - a wand of charming (4)
 p - a wand of flame (24)
 B - a wand of digging (5)
Scrolls
 l - a scroll of torment
 s - 2 scrolls of immolation
 v - a scroll of revelation
 y - a scroll of teleportation
Potions
 h - 3 potions of magic
 i - 2 potions of enlightenment {unknown}
 k - 2 potions of curing
 n - a potion of brilliance
 q - a potion of might {unknown}
 x - 2 potions of degeneration {unknown}
 z - a potion of haste {unknown}
 A - a potion of lignification {unknown}
 E - a potion of mutation {unknown}


   Skills:
 - Level 2.4 Fighting
 - Level 10.0 Ranged Weapons
 - Level 1.5 Dodging
 - Level 0.7 Stealth
 + Level 9.7 Invocations


You had 8 spell levels left.
You didn't know any spells.
Your spell library contained the following spells:

 Spells                   Type           Power      Damage    Failure   Level
 Lesser Beckoning         Tloc           0%         N/A       61%         2
 Gell's Gravitas          Tloc           0%         N/A       83%         3
 Teleport Other           Tloc           0%         N/A       83%         3


Dungeon Overview and Level Annotations

Branches:
Dungeon (6/15)             Temple (0/1) D:6

Altars:
Nemelex Xobeh


Message History

You shoot an arrow.
The arrow hits the wraith but does no damage.
The wraith is lightly damaged.
The wraith hits you but does no damage.
You shoot an arrow. The arrow hits the wraith.
The wraith is moderately damaged.
The wraith hits you! The wraith drains your vigour!
You feel yourself slow down.
You are too injured to fight recklessly!
You are too injured to fight recklessly!
You are too injured to fight recklessly!
You are too injured to fight recklessly!
You are too injured to fight recklessly!
You are too injured to fight recklessly!
You shoot an arrow. The arrow closely misses the wraith.
The wraith hits you. The wraith hits you!
* * * LOW HITPOINT WARNING * * *
The wraith drains your vigour!
You feel as though you will be slow longer.
You shoot an arrow. The arrow hits the wraith!
The wraith is heavily damaged.
The wraith barely misses you.
You shoot an arrow. The arrow closely misses the wraith.
The wraith misses you. The wraith hits you!
* * * LOW HITPOINT WARNING * * *
The wraith drains your vigour!
You feel as though you will be slow longer.
You shoot an arrow.
The arrow hits the wraith but does no damage.
The wraith is heavily damaged.
The wraith closely misses you.
You shoot an arrow. The arrow closely misses the wraith.
The wraith hits you!
* * * LOW HITPOINT WARNING * * *
The wraith drains your vigour!
You feel as though you will be slow longer.
You shoot an arrow. The arrow hits the wraith.
The wraith is severely damaged.
The wraith closely misses you. The wraith hits you!
You die...
Your body glows slightly and disappears.

#.............##
#...)......
####..........####
#..........
............###
#..........
##########..#
##....W.... ##.# ##
##........ #.# #.##
#.......# #.#######.##
##......#
##.....!....## ##.....#
.......@W....## ##...##
#.............## #..###
##.............###...##
#.##........##.#.....#
# #####...####..#...#
##### ########


You could see a wraith.

Vanquished Creatures
  Grinder (D:4)
  Sigmund (D:3)
  A steam dragon (D:5)
  An ice beast (D:5)
  4 black bears
  4 ogres
  A centaur (D:6)
  A kobold brigand (D:6)
  5 scorpions
  A howler monkey (D:6)
  A hound (D:5)
  A jelly (D:4)
  3 orc priests
  Natasha (thrice) (D:3)
  3 iguanas
  Ijyb (D:3)
  A sleepcap (D:4)
  An orc wizard (D:5)
  Terence (D:3)
  6 gnolls
  4 adders
  A white imp (D:5)
  A dart slug (D:1)
  8 orcs
  6 bats
  10 endoplasms
  5 giant cockroaches
  2 goblins
  3 hobgoblins
  4 jackals (D:3)
  A quokka (D:4)
  7 ball pythons
  4 frilled lizards
  9 kobolds
  2 rats (D:3)
108 creatures vanquished.

Vanquished Creatures (collateral kills)
  A howler monkey (D:6)
  An orc priest (D:6)
  2 gnolls (D:6)
  An orc (D:5)
5 creatures vanquished.

Vanquished Creatures (others)
  An orc warrior (D:5)
  An orc priest (D:6)
  An orc (D:6)
3 creatures vanquished.

Grand Total: 116 creatures vanquished

Notes
Turn   | Place    | Note
-------+----------+-------------------------------------------
     0 | D:1      | mainiacjoe the Hill Orc Hunter began the quest for the Orb.
     0 | D:1      | Reached XP level 1. HP: 18/18 MP: 1/1
   212 | D:1      | Reached skill level 4 in Ranged Weapons
   212 | D:1      | Reached XP level 2. HP: 25/25 MP: 2/2
  1132 | D:3      | Noticed Ijyb
  1140 | D:3      | Reached XP level 3. HP: 30/30 MP: 3/3
  1173 | D:3      | Noticed Terence
  1182 | D:3      | Killed Terence
  1245 | D:3      | Reached skill level 5 in Ranged Weapons
  1245 | D:3      | Reached XP level 4. HP: 37/37 MP: 4/4
  1285 | D:3      | Found a sparkling altar of Nemelex Xobeh.
  1504 | D:3      | Noticed Natasha
  1517 | D:3      | Killed Natasha
  1535 | D:3      | Killed Ijyb
  1536 | D:3      | Reached XP level 5. HP: 37/42 MP: 5/5
  1627 | D:3      | Found a faded altar of an unknown god.
  1643 | D:3      | Noticed Sigmund
  1648 | D:3      | Killed Sigmund
  1649 | D:3      | Reached skill level 6 in Ranged Weapons
  1649 | D:3      | Reached XP level 6. HP: 50/50 MP: 6/6
  1680 | D:3      | Noticed Natasha
  1689 | D:3      | Killed Natasha
  1993 | D:3      | Noticed Natasha
  2008 | D:3      | Killed Natasha
  2009 | D:3      | Reached skill level 7 in Ranged Weapons
  2230 | D:3      | Became a worshipper of Nemelex Xobeh the Trickster
  2531 | D:4      | Reached XP level 7. HP: 56/56 MP: 7/7
  2941 | D:4      | Noticed Grinder
  2954 | D:4      | Paralysed by Grinder for 5 turns
  2960 | D:4      | Paralysed by Grinder for 2 turns
  2962 | D:4      | Killed Grinder
  2963 | D:4      | Reached skill level 8 in Ranged Weapons
  3512 | D:5      | Entered Level 5 of the Dungeon
  3586 | D:5      | Noticed a steam dragon
  3762 | D:5      | Reached skill level 1 in Invocations
  3832 | D:5      | Reached * piety under Nemelex Xobeh
  3843 | D:5      | Killed a steam dragon
  3844 | D:5      | Reached XP level 8. HP: 21/62 MP: 7/9
  4048 | D:5      | Reached skill level 9 in Ranged Weapons
  4421 | D:5      | Reached skill level 5 in Invocations
  5297 | D:5      | Reached XP level 9. HP: 23/68 MP: 13/13
  5718 | D:6      | Reached skill level 10 in Ranged Weapons
  6131 | D:6      | Found a staircase to the Ecumenical Temple.
  6151 | D:6      | HP: 2/68 [poisoned by a gnoll sergeant]
  6461 | D:6      | Received a gift from Nemelex Xobeh
  7118 | D:6      | HP: 1/68 [wraith (7)]
  7119 | D:6      | Mangled by a wraith

Illustrated notes

Levels and vault maps discovered:
D:1:      shiori_shiawase, layout_rooms, minmay_misc_feat_roman,
          kennysheep_minor_cross
D:2:      layout_loops_ring
D:3:      layout_loops_ring, nemelex_spade_bored_becter,
          hellmonk_ecumenical_altar_blasted, serial_bayou,
          serial_bayou_lagoon_a, serial_bayou_pond_c, serial_bayou_ford_a,
          serial_bayou_pond_e, uniq_sigmund, uniq_natasha, uniq_ijyb,
          uniq_terence
D:4:      layout_basic, kennysheep_cluttered_room, uniq_grinder
D:5:      layout_basic, hangedman_abyss_or_decor_lesser_grid
D:6:      layout_cave_pods, minmay_temple_entry_overgrown

Skill      XL: |  1  2  3  4  5  6  7  8  9 |
---------------+----------------------------+-----
Ranged Weapons | 4 5 6 7 8 9 10 | 10.0
Invocations    | 2 6 9 |  9.7
Fighting       | |  2.4
Dodging        | |  1.5
Stealth        | |  0.7

Action                     |  1- 3 |  4- 6 |  7- 9 || total
---------------------------+-------+-------+-------++-------
   Fire: Shortbow          |    91 |   131 |   433 ||   655
  Throw: Javelin           |       |       |     2 ||     2
  Evoke: Wand              |       |     6 |    18 ||    24
    Use: Scroll            |     8 |     3 |     3 ||    14
         Potion            |       |     1 |     2 ||     3
 Armour: Leather armour    |    33 |    49 |   271 ||   353
  Dodge: Dodged            |    30 |    36 |   191 ||   257
